 Dungeon Crawl Stone Soup version 0.24.1-8-ga250c9d538 (webtiles) character file.

Game seed: 13745693746859652595, levelgen mode: deterministic

1472 Doot the Covert (level 8, -4/58 HPs)
             Began as a Vampire Assassin on Apr 28, 2020.
             Was an Initiate of Dithmenos.
             Slain by an orc warrior
             ... wielding a +0 halberd
              (11 damage)
             ... on level 5 of the Dungeon.
             The game lasted 00:11:14 (5360 turns).

Doot the Covert (Vampire Assassin)                  Turns: 5360, Time: 00:11:15

Health: -4/58      AC: 12    Str: 10    XL:     8   Next: 49%
Magic:  8/8        EV: 13    Int: 16    God:    Dithmenos [......]
Gold:   105        SH:  0    Dex: 21    Spells: 7/7 levels left

rFire    . . .     SeeInvis +   M - +2 short sword (vamp)
rCold    . . .     Gourm    .   (no shield)
rNeg     . . .     Faith    .   F - +5 ring mail of Zoiseaki {SInv}
rPois    .         Spirit   .   (no helmet)
rElec    .         Reflect  .   c - +0 cloak
rCorr    .         Harm     .   (no gloves)
MR       .....                  g - +0 pair of boots
Stlth    +++++.....             (no amulet)
HPRegen  0.39/turn              E - +3 ring of dexterity
MPRegen  0.11/turn              o - +3 ring of intelligence

@: regenerating quickly
A: no food, fangs 3, see invisible, unbreathing
a: Exsanguinate, Renounce Religion


You were on level 5 of the Dungeon.
You worshipped Dithmenos.
Dithmenos was noncommittal.
You were alive.

You visited 2 branches of the dungeon, and saw 7 of its levels.
You also visited: Sewer.

You collected 225 gold pieces.
You spent 120 gold pieces at shops.

Inventory:

Hand Weapons
 a - a +2 dagger
 i - a +1 dagger of draining
 M - a +2 vampiric short sword (weapon)
Missiles
 d - 13 poisoned darts (quivered)
 e - 6 curare-tipped darts
Armour
 b - a +0 robe
 c - a +0 cloak (worn)
 g - a +0 pair of boots (worn)
 F - the +5 ring mail of Zoiseaki (worn) {SInv}
   (You found it on level 5 of the Dungeon)

   It lets you see invisible.
Jewellery
 o - a +3 ring of intelligence (right hand)
 E - a +3 ring of dexterity (left hand)
 H - an uncursed ring of magical power
Wands
 B - a wand of iceblast (11)
 C - a wand of acid (5)
 G - a wand of disintegration (17)
 L - a wand of polymorph (7)
Scrolls
 f - 2 scrolls of random uselessness {unknown}
 h - a scroll of fog {unknown}
 p - 4 scrolls of remove curse {unknown}
 v - 5 scrolls of identify {unknown}
 x - a scroll of blinking {unknown}
 y - a scroll of magic mapping {unknown}
 z - 2 scrolls of teleportation {unknown}
 I - a scroll of noise {unknown}
Potions
 j - 7 potions of curing
 k - 5 potions of heal wounds {unknown}
 l - a potion of cancellation {unknown}
 m - 3 potions of resistance {unknown}
 n - a potion of lignification {unknown}
 q - 5 potions of brilliance {unknown}
 r - 3 potions of agility {unknown}
 s - a potion of magic {unknown}
 t - 3 potions of haste {unknown}
 u - 2 potions of invisibility
 w - 3 potions of might
 A - a potion of flight {unknown}
 D - a potion of experience {unknown}
 J - a potion of berserk rage {unknown}
 K - a potion of degeneration {unknown}


   Skills:
 + Level 3.2 Fighting
 + Level 5.7 Short Blades
 + Level 2.0 Throwing
 + Level 0.6 Armour
 + Level 4.6 Dodging
 * Level 12.6 Stealth


You had 7 spell levels left.
You didn't know any spells.
Your spell library contained the following spells:

 Spells                   Type           Power        Failure   Level  Hunger
 Freeze                   Ice            #...         54%         1    N/A
 Throw Frost              Conj/Ice       #.....       69%         2    N/A
 Ozocubu's Armour         Chrm/Ice       #.......     89%         3    N/A
 Summon Ice Beast         Ice/Summ       #.......     100%        4    N/A
 Throw Icicle             Conj/Ice       #.......     100%        4    N/A

Dungeon Overview and Level Annotations

Branches:
Dungeon (6/15)             Temple (1/1) D:6           Sewer (visited)

Altars:
Ashenzari
Dithmenos
Elyvilon
Fedhas
Gozag
Hepliaklqana
Kikubaaqudgha
Nemelex Xobeh
Okawaru
Qazlal
Ru
Sif Muna
Trog
Uskayaw
Vehumet
Wu Jian
Yredelemnul
Zin
The Shining One

Shops:
D:6 !


Innate Abilities, Weirdness & Mutations

You do not eat.
Your natural rate of healing is unusually fast.
You have razor-sharp teeth.
You have supernaturally acute eyesight. (SInv)
You can survive without breathing.


Message History

The orc warrior is heavily wounded.
The orc warrior hits you with a +0 halberd!
You hit the orc warrior.
You feel better.
Your bite misses the orc warrior.
The orc warrior is severely wounded.
The orc warrior closely misses you.
You hit the orc warrior but do no damage.
The orc warrior is severely wounded.
You hit the orc warrior but do no damage.
The orc warrior is severely wounded.
The orc warrior hits you with a +0 halberd!!
* * * LOW HITPOINT WARNING * * *
You hit the orc warrior.
The orc warrior is severely wounded.
The orc warrior hits you but does no damage.
Your ring mail of Zoiseaki prevents you from hitting the orc warrior.
The orc warrior is severely wounded.
You hit the orc warrior but do no damage.
The orc warrior is severely wounded.
The orc warrior hits you with a +0 halberd!
You die...

.#....#...........##.....#
##
...####...........#......#
###. .###
#..................# ##...
.## #..................#
#.... ..#
#..................#
##.... ..#
#.................##
#..... ..#
#................## #.....
..# #>.......o......##
#..... #.#
#........#@......# ##...†
### #........###..##.##
#.... #......(## #####..#
#.... #......(###
##.#####...# ##........###
#....###.## #..........##
#..#....###
#.....(.....####.#####....
#....(........#..# #....
##...............## #....


You could see an orc warrior.

Vanquished Creatures
  Sigmund (D:2)
  Duvessa (D:4)
  An ogre (D:5)
  2 centaurs (D:6)
  2 big kobolds
  3 bullfrogs (D:6)
  Dowan (D:4)
  A scorpion (D:6)
  2 hounds
  5 orc priests
  An orc wizard (D:6)
  2 worker ants
  A hound skeleton (D:5)
  2 gnolls (D:5)
  10 adders
  An ooze (Sewer)
  4 worms
  2 dart slugs
  3 leopard geckos
  14 orcs
  3 ball pythons
  5 giant cockroaches
  8 goblins
  11 hobgoblins
  15 jackals
  3 quokkas
  7 bats
  3 frilled lizards
  22 kobolds
  8 rats
144 creatures vanquished.

Notes
Turn   | Place    | Note
-------+----------+-------------------------------------------
     0 | D:1      | Doot the Vampire Assassin began the quest for the Orb.
     0 | D:1      | Reached XP level 1. HP: 16/16 MP: 1/1
    21 | D:1      | Reached skill level 6 in Stealth
   193 | D:1      | Reached XP level 2. HP: 22/22 MP: 2/2
   396 | D:2      | Reached skill level 7 in Stealth
   428 | D:2      | Found a shattered altar of Ashenzari.
   516 | D:2      | Reached XP level 3. HP: 20/27 MP: 3/3
   662 | D:2      | Found a faded altar of an unknown god.
   855 | D:2      | Noticed Sigmund
   862 | D:2      | Killed Sigmund
   862 | D:2      | Reached skill level 8 in Stealth
   862 | D:2      | Reached XP level 4. HP: 34/34 MP: 4/4
   862 | D:2      | Reached XP level 5. HP: 39/39 MP: 5/5
  1052 | D:3      | Found a radiant altar of Vehumet.
  1086 | D:3      | Reached skill level 9 in Stealth
  1193 | D:3      | Found an ancient bone altar of Kikubaaqudgha.
  1198 | D:3      | Found a shattered altar of Ashenzari.
  1198 | D:3      | Found a hide-covered altar of Uskayaw.
  1198 | D:3      | Found a basalt altar of Yredelemnul.
  1198 | D:3      | Found a sparkling altar of Nemelex Xobeh.
  1200 | D:3      | Found a shimmering blue altar of Sif Muna.
  1282 | D:3      | Reached XP level 6. HP: 37/46 MP: 6/6
  1348 | D:3      | Found an ancient bone altar of Kikubaaqudgha.
  1576 | D:3      | Found a glowing drain.
  1593 | Sewer    | Entered a sewer
  2270 | D:4      | Reached skill level 10 in Stealth
  2311 | D:4      | Noticed Duvessa
  2311 | D:4      | Noticed Dowan
  2379 | D:4      | Found a stormy altar of Qazlal.
  2379 | D:4      | Found a blossoming altar of Fedhas.
  2526 | D:5      | Entered Level 5 of the Dungeon
  2632 | D:5      | Noticed an orc warrior
  3097 | D:4      | Reached XP level 7. HP: 42/45 MP: 7/7
  3379 | D:5      | Got a slimy ring mail
  3408 | D:5      | Identified the +5 ring mail of Zoiseaki {SInv} (You found
                  | it on level 5 of the Dungeon)
  3504 | D:6      | Reached skill level 5 in Short Blades
  3504 | D:6      | Reached skill level 11 in Stealth
  3590 | D:6      | Reached XP level 8. HP: 58/58 MP: 8/8
  3614 | D:6      | Found Domote's Distillery.
  3625 | D:6      | Bought a potion of might for 40 gold pieces
  3625 | D:6      | Bought a potion of invisibility for 80 gold pieces
  3699 | D:6      | Reached skill level 12 in Stealth
  3764 | D:6      | Found a staircase to the Ecumenical Temple.
  3775 | Temple   | Entered the Ecumenical Temple
  3817 | Temple   | Became a worshipper of Dithmenos the Shadowed
  4648 | D:3      | You fall into a shaft and drop 1 floor!
  4863 | D:4      | Killed Duvessa
  4873 | D:4      | Killed Dowan
  5360 | D:5      | Slain by an orc warrior

Levels and vault maps discovered:
D:1:      psy_arrival_basics, layout_basic, st_stairs_8
D:2:      lemuel_upstairs_altar, layout_basic, chequers_ecumenical_altar_simple,
          evilmike_ruin_ashenzari, uniq_sigmund
D:3:      cheibrodos_thug_alley, layout_loops_ring, minitemple,
          vehumet_crystals, portal_sewer_entry_d, first_ration,
          tgw_kikubaaqudgha
D:4:      layout_cave_pods, grunt_temple_overflow_forces_of_nature, uniq_duvessa
D:5:      lemuel_castle_with_subvaults [lemuel_castle_interior_original],
          layout_cave_pods, chequers_arboretum
D:6:      layout_gridville, grunt_temple_overflow_champion_of_chaos,
          temple_statues, serial_shops, nicolae_shop_crystal,
          kennysheep_generic_room_7
Temple:   jpeg_temple_alley_garden

Skill      XL: |  1  2  3  4  5  6  7  8 |
---------------+-------------------------+-----
Stealth        | 6 7 8 9 10 11 12 | 12.6
Fighting       | 2 3 |  3.2
Short Blades   | 3 4 5 |  5.7
Dodging        | 2 3 4 |  4.6
Throwing       | 2 |  2.0
Armour         | |  0.6

Action                   |  1- 3 |  4- 6 |  7- 9 || total
-------------------------+-------+-------+-------++-------
Melee: Dagger            |    93 |   200 |   195 ||   488
       Bite              |     6 |    14 |    26 ||    46
       Short sword       |       |       |    16 ||    16
Throw: Dart              |       |     3 |     6 ||     9
 Abil: Exsanguinate      |       |     1 |       ||     1
       Revivify          |       |     1 |       ||     1
 Stab: Sleeping          |     4 |    13 |    19 ||    36
       Distracted        |       |       |     2 ||     2
Armor: Robe              |    15 |    34 |     7 ||    56
       Ring mail         |       |       |    46 ||    46
Dodge: Dodged            |    43 |   127 |   116 ||   286
